 Dungeon Sprint DCSS version 0.21.1-1-g345015f (webtiles) character file.

15300000 doot the Conqueror (level 27, -30/271 (273) HPs)
             Began as a Ghoul Warper on May 1, 2018.
             Was the Champion of Makhleb.
             Annihilated by a meat berserker
             ... wielding a +9 battleaxe
              (53 damage)
             ... in the Dungeon (Sprint VIII: "Arena of Blood").
             The game lasted 00:07:59 (153 turns).

doot the Conqueror (Ghoul Warper)                    Turns: 153, Time: 00:08:00

HP:   -30/271 (273) AC:  6    Str: 19    XL:     27
MP:   40/53         EV: 32    Int:  8    God:    Makhleb [******]
Gold: 0             SH:  0    Dex: 17    Spells: 80/80 levels left

rFire    . . .     SeeInvis .   k - +∞ Axe of Woe
rCold    + . .     Gourm    .   (shield currently unavailable)
rNeg     + + +     Faith    .   a - +0 leather armour
rPois    ∞         Spirit   .   (no helmet)
rElec    .         Reflect  .   (no cloak)
rCorr    .         Harm     .   (no gloves)
MR       ++...     NoTele   +   (no boots)
Stlth    +++.......             (no amulet)
HPRegen  0.00/turn              (no ring)
MPRegen  0.33/turn              (no ring)

@: rotting, slowed, very slow
A: rotting body, claws 1, carnivore, cold resistance 1, negative energy
resistance 3, inhibited regeneration, torment resistance, unbreathing
0: Orb of Zot
a: Minor Destruction, Lesser Servant of Makhleb, Major Destruction, Greater
Servant of Makhleb, Renounce Religion


You were in the Dungeon.
You worshipped Makhleb.
Makhleb was exalted by your worship.
You were not hungry.

You visited 1 branch

Inventory:

Hand Weapons
 k - the +∞ Axe of Woe (weapon)
   (You found it in the Dungeon)
Missiles
 d - 5 tomahawks of dispersal (quivered)
Armour
 a - a +0 leather armour (worn)
Scrolls
 c - 2 scrolls of blinking
Potions
 e - a potion of curing
 g - a potion of heal wounds
 h - a potion of haste
 i - 2 potions of magic
 j - a potion of berserk rage
Books
 b - a book of Spatial Translocations

   Spells                             Type                      Level
   a - Blink                          Translocation                2
   b - Shroud of Golubria             Charms/Translocation         2
   c - Lesser Beckoning               Translocation                3
   d - Gell's Gravitas                Translocation                3
   e - Teleport Other                 Translocation                3
   f - Passage of Golubria            Translocation                4
Comestibles
 f - a ration


   Skills:
 O Level 27 Fighting
 O Level 27 Axes
 O Level 27 Throwing
 O Level 27 Armour
 O Level 27 Dodging
 O Level 27 Stealth
 O Level 27 Unarmed Combat
 O Level 27 Spellcasting
   Level 2.6 Translocations
 O Level 27 Invocations


You had 80 spell levels left.
You didn't know any spells.

Dungeon Overview and Level Annotations

Branches:
Dungeon (1/1)

Altars:
Makhleb


Innate Abilities, Weirdness & Mutations

Your body is rotting away.
You thrive on raw meat.
You are immune to poison.
You have sharp fingernails.
You are carnivorous and can eat meat at any time.
Your flesh is cold resistant. (rC+)
You are immune to negative energy. (rN+++)
You do not regenerate when monsters are visible.
You are immune to unholy pain and torment.
You can survive without breathing.


Message History

The accursed moves out of view.
The tyrant mumbles some strange words.
The tyrant seems to speed up.
The meat berserker is engulfed in poison gas.
The meat berserker is poisoned.
The meat berserker hits you with a +9 battleaxe!!!
* * * LOW HITPOINT WARNING * * *
You hear a shout!
The scourge is engulfed in poison gas.
The scourge is poisoned.
The scourge is engulfed in poison gas.
The scourge is poisoned.
The meat berserker is engulfed in blazing flames.
The meat berserker hits you with a +9 battleaxe!!!
* * * LOW HITPOINT WARNING * * *
The accursed gestures at you while chanting.
Something smites you!
* * * LOW HITPOINT WARNING * * *
The meat beast is engulfed in blazing flames.
The meat berserker is engulfed in blazing flames.
The meat berserker hits you with a +9 battleaxe!!!
You die...

..........
..D....V... .
D..%%.M.. oL
#.%.DS..# #o.
#....xV.# .
..Oo###... ...###..
...p.§§§§###..%....
.#...O2O§§_)o......
.....§O@OM))%#...
.....SO#§§<)_#
....§§S#§§)))#
.#..p....._..%.....
.......§.###.....o.
....###... ..%###O.
..p. #%.. ...# .
... #... ...# ..
.....


You could see 2 accurseds, a meat beast, a tyrant, 3 eight-headed meat hydras, a
destroyer, 3 scourges, 3 fleshlords, 6 meat berserkers and 4 bags of meat.

Vanquished Creatures
  Dispater (D)
  3 hell knights (D)
  Sigmund (D)
  13 hell beasts (D)
  3 greater mummies (D)
  4 great orbs of eyes (D)
  7 wraiths (D)
  23 vampire knights (D)
  36 ogres (D)
  12 two-headed ogres (D)
  9 liches (D)
  2 hydras (D)
  79 orcs (D)
  5 phantoms (D)
  10 skeletal warriors (D)
  9 sea snakes (D)
  9 large abominations (D)
  14 small abominations (D)
  12 crawling corpses (D)
252 creatures vanquished.

Vanquished Creatures (others)
  4 crawling corpses (D)
4 creatures vanquished.

Grand Total: 256 creatures vanquished

Notes
Turn   | Place    | Note
-------+----------+-------------------------------------------
     0 | D        | Found the +∞ Axe of Woe
     0 | D        | doot the Ghoul Warper began the quest for the Orb.
     0 | D        | Reached XP level 1. HP: 17/17 MP: 2/2
     3 | D        | Noticed a bag of meat
     4 | D        | Became a worshipper of Makhleb the Destroyer
     6 | D        | Noticed a meat berserker
     9 | D        | Killed a bag of meat
     9 | D        | Reached XP level 2. HP: 47/47 MP: 2/15
     9 | D        | Reached XP level 3. HP: 53/53 MP: 2/17
     9 | D        | Reached XP level 4. HP: 61/61 MP: 2/18
     9 | D        | Reached XP level 5. HP: 68/68 MP: 2/20
     9 | D        | Reached XP level 6. HP: 75/75 MP: 2/21
     9 | D        | Reached XP level 7. HP: 82/82 MP: 2/23
     9 | D        | Reached XP level 8. HP: 90/90 MP: 2/24
     9 | D        | Reached XP level 9. HP: 96/96 MP: 2/25
     9 | D        | Reached XP level 10. HP: 104/104 MP: 2/26
     9 | D        | Reached XP level 11. HP: 111/111 MP: 2/27
     9 | D        | Reached XP level 12. HP: 118/118 MP: 2/28
    10 | D        | Noticed a bag of meat
    10 | D        | Killed a meat berserker
    10 | D        | Reached * piety under Makhleb
    10 | D        | Reached skill level 15 in Dodging
    10 | D        | Reached XP level 13. HP: 62/136 MP: 2/32
    10 | D        | Reached XP level 14. HP: 66/144 MP: 2/33
    11 | D        | Noticed a bag of meat
    11 | D        | Noticed a meat berserker
    11 | D        | Noticed a meat berserker
    11 | D        | Killed a meat berserker
    11 | D        | Reached XP level 15. HP: 157/157 MP: 2/36
    12 | D        | Reached skill level 10 in Axes
    13 | D        | Noticed a large bag of meat
    13 | D        | Reached ** piety under Makhleb
    13 | D        | Reached XP level 16. HP: 169/169 MP: 3/39
    13 | D        | Killed a meat berserker
    14 | D        | Reached XP level 17. HP: 183/183 MP: 4/41
    15 | D        | Noticed a meat berserker
    16 | D        | Noticed a meat berserker
    16 | D        | Reached *** piety under Makhleb
    16 | D        | Reached skill level 15 in Axes
    17 | D        | Reached skill level 10 in Throwing
    17 | D        | Reached XP level 18. HP: 195/195 MP: 5/44
    19 | D        | Noticed a large bag of meat
    19 | D        | Killed a meat berserker
    19 | D        | Reached **** piety under Makhleb
    19 | D        | Reached skill level 27 in Fighting
    19 | D        | Reached skill level 10 in Armour
    19 | D        | Reached XP level 19. HP: 206/206 MP: 5/47
    20 | D        | Killed a meat berserker
    20 | D        | Reached skill level 27 in Unarmed Combat
    21 | D        | Noticed a large bag of meat
    22 | D        | Reached ***** piety under Makhleb
    22 | D        | Reached skill level 27 in Spellcasting
    23 | D        | Noticed a destroyer
    23 | D        | Reached XP level 20. HP: 215/215 MP: 6/50
    23 | D        | Killed a large bag of meat
    23 | D        | Reached skill level 27 in Axes
    23 | D        | Reached skill level 15 in Throwing
    23 | D        | Reached skill level 27 in Dodging
    26 | D        | Killed a large bag of meat
    26 | D        | Reached XP level 21. HP: 187/223 MP: 7/51
    27 | D        | Noticed a large bag of meat
    27 | D        | Noticed a destroyer
    28 | D        | Noticed a meat berserker
    29 | D        | Noticed a destroyer
    29 | D        | Killed a destroyer
    29 | D        | Reached skill level 27 in Throwing
    29 | D        | Reached XP level 22. HP: 232/232 MP: 8/52
    29 | D        | Reached ****** piety under Makhleb
    29 | D        | Reached skill level 27 in Armour
    31 | D        | Killed a large bag of meat
    33 | D        | Noticed a destroyer
    33 | D        | Noticed a destroyer
    34 | D        | Noticed a destroyer
    34 | D        | Killed a destroyer
    34 | D        | Reached skill level 27 in Stealth
    34 | D        | Reached skill level 27 in Invocations
    34 | D        | Reached XP level 23. HP: 239/239 MP: 9/53
    34 | D        | Killed a destroyer
    37 | D        | Noticed a large bag of meat
    38 | D        | Reached XP level 24. HP: 248/248 MP: 10/53
    38 | D        | Killed a destroyer
    40 | D        | Killed a destroyer
    40 | D        | Reached XP level 25. HP: 162/256 MP: 11/53
    40 | D        | Killed a large bag of meat
    41 | D        | Noticed a destroyer
    41 | D        | Noticed a large bag of meat
    43 | D        | Reached XP level 26. HP: 265/265 MP: 12/53
    44 | D        | Noticed a destroyer
    44 | D        | Noticed a destroyer
    44 | D        | Noticed a large bag of meat
    44 | D        | Noticed a destroyer
    44 | D        | Noticed a destroyer
    44 | D        | Noticed a destroyer
    45 | D        | Noticed a destroyer
    45 | D        | Noticed an accursed
    46 | D        | Killed a destroyer
    46 | D        | Reached XP level 27. HP: 272/272 MP: 13/53
    47 | D        | Killed a large bag of meat
    48 | D        | Killed a destroyer
    49 | D        | Noticed a destroyer
    49 | D        | Killed a destroyer
    50 | D        | Killed a destroyer
    51 | D        | Noticed a large bag of meat
    51 | D        | Noticed a destroyer
    51 | D        | Killed a large bag of meat
    52 | D        | Killed a destroyer
    53 | D        | Noticed a tyrant
    53 | D        | Killed a destroyer
    54 | D        | Noticed a destroyer
    55 | D        | Killed a destroyer
    56 | D        | Killed a large bag of meat
    57 | D        | Noticed a large bag of meat
    57 | D        | Killed a destroyer
    57 | D        | Noticed The Captor
    58 | D        | Noticed a tyrant
    59 | D        | Noticed an accursed
    59 | D        | Noticed a dread
    59 | D        | Killed a large bag of meat
    60 | D        | Noticed a destroyer
    60 | D        | Killed a tyrant
    60 | D        | Noticed a destroyer
    62 | D        | Killed an accursed
    62 | D        | Killed a large bag of meat
    63 | D        | Killed a destroyer
    64 | D        | Noticed a destroyer
    65 | D        | HP: 8/272 [meat berserker/+9 battleaxe (50)]
    66 | D        | Noticed a large bag of meat
    66 | D        | Killed The Captor
    66 | D        | Killed a destroyer
    66 | D        | Killed a destroyer
    67 | D        | Killed a dread
    68 | D        | Killed a tyrant
    70 | D        | Killed a destroyer
    72 | D        | Noticed a meat beast
    72 | D        | Killed a destroyer
    73 | D        | Noticed a meat beast
    74 | D        | Noticed a dread
    74 | D        | Killed a meat beast
    75 | D        | Noticed a destroyer
    75 | D        | Noticed a meat beast
    76 | D        | Killed a meat beast
    76 | D        | Killed a destroyer
    78 | D        | Killed a destroyer
    79 | D        | Noticed a dread
    79 | D        | Killed an accursed
    79 | D        | Killed a large bag of meat
    81 | D        | Noticed a tyrant
    81 | D        | Killed a meat beast
    82 | D        | Noticed a meat beast
    83 | D        | Noticed a destroyer
    83 | D        | Killed a dread
    84 | D        | Killed a meat beast
    87 | D        | Noticed an accursed
    87 | D        | Killed a dread
    90 | D        | Noticed a tyrant
    95 | D        | Noticed a meat beast
    95 | D        | Killed a destroyer
    96 | D        | Noticed a dread
    97 | D        | Noticed a meat beast
    97 | D        | Killed a tyrant
    98 | D        | Killed a meat beast
    99 | D        | Killed a meat beast
   100 | D        | Killed a tyrant
   102 | D        | Noticed a meat beast
   102 | D        | Killed a meat beast
   103 | D        | Noticed a tyrant
   104 | D        | Killed an accursed
   104 | D        | Killed a dread
   105 | D        | Noticed a meat beast
   106 | D        | Noticed a tyrant
   106 | D        | Noticed a large bag of meat
   107 | D        | Killed a tyrant
   107 | D        | Killed a meat beast
   109 | D        | Noticed a meat beast
   110 | D        | Killed a tyrant
   111 | D        | Noticed a tyrant
   113 | D        | Noticed a dread
   113 | D        | Noticed a dread
   113 | D        | Noticed a tyrant
   114 | D        | Noticed a tyrant
   116 | D        | Noticed a meat beast
   116 | D        | Killed a large bag of meat
   116 | D        | Killed a meat beast
   117 | D        | Killed a dread
   119 | D        | Noticed a meat beast
   120 | D        | Killed a meat beast
   121 | D        | Killed a dread
   123 | D        | Noticed a destroyer
   125 | D        | Killed a meat beast
   125 | D        | Killed a tyrant
   126 | D        | Killed a tyrant
   127 | D        | Killed a destroyer
   133 | D        | Noticed an accursed
   133 | D        | Killed a tyrant
   134 | D        | Noticed a meat beast
   135 | D        | Noticed a fleshlord
   136 | D        | Noticed a dread
   137 | D        | Noticed a fleshlord
   137 | D        | Noticed a fleshlord
   137 | D        | Killed a meat beast
   141 | D        | Killed a fleshlord
   141 | D        | Killed a fleshlord
   144 | D        | Noticed a fleshlord
   145 | D        | Noticed a large bag of meat
   145 | D        | Killed a dread
   146 | D        | Noticed a destroyer
   146 | D        | Noticed a meat beast
   146 | D        | Noticed The Meatlord
   148 | D        | Killed a fleshlord
   150 | D        | Killed a meat beast
   150 | D        | Noticed a fleshlord
   151 | D        | Killed The Meatlord
   151 | D        | Killed a large bag of meat
   152 | D        | Noticed an accursed
   152 | D        | Noticed a meat beast
   152 | D        | Killed a destroyer
   153 | D        | Noticed a fleshlord
   153 | D        | Noticed a tyrant
   153 | D        | Got the Orb of Zot
   153 | D        | Annihilated by a meat berserker

Skill      XL: |  1  2  3  4  5  6  7  8  9 10 11 12 13 14 15 16 17 18 19 20 21 22 |
---------------+-------------------------------------------------------------------+-----
Fighting       | 14 18 20 22 24 26 27 | 27.0
Axes           | 4 7 9 11 14 17 21 25 27 | 27.0
Throwing       | 4 6 7 8 9 10 11 12 23 27 | 27.0
Armour         | 4 6 7 8 9 10 11 20 25 27 | 27.0
Dodging        | 12 15 16 18 20 21 23 26 27 | 27.0
Unarmed Combat | 14 17 19 20 22 24 25 27 | 27.0
Spellcasting   | 13 16 18 20 21 23 25 27 | 27.0
Stealth        | 27 | 27.0
Invocations    | 27 | 27.0
Translocations | |  2.6

Action                   |  1- 3 |  4- 6 |  7- 9 | 10-12 | 13-15 | 16-18 | 19-21 | 22-24 | 25-27 || total
-------------------------+-------+-------+-------+-------+-------+-------+-------+-------+-------++-------
Melee: Executioner's axe |     1 |       |       |     1 |     3 |     4 |     7 |     6 |    93 ||   115
Invok: Greater Servant o |       |       |       |       |       |       |       |     3 |    10 ||    13
 Stab: Distracted        |       |       |       |       |       |       |       |       |     1 ||     1
Dodge: Dodged            |       |       |       |       |       |     1 |       |       |    12 ||    13
